 Dungeon Crawl Stone Soup version 0.29.1-2-gbd0b4ee654 (webtiles) character file.

Game seed: 11310778341891027129

16 xian the Firebug (level 2, 0/19 HPs)
             Began as a Demonspawn Fire Elementalist on Nov 28, 2022.
             Was an Initiate of Gozag.
             Slain by an endoplasm (2 damage)
             ... on level 1 of the Dungeon.
             The game lasted 00:01:30 (896 turns).

xian the Firebug (Demonspawn Fire Elementalist)      Turns: 896, Time: 00:01:31

Health: 0/19       AC:  6    Str:  8    XL:     2   Next: 41%
Magic:  1/5        EV: 11    Int: 16    God:    Gozag
Gold:   126        SH:  4    Dex: 13    Spells: 2/5 levels left

rFire   . . .      SeeInvis .   c - +0 dagger
rCold   . . .      Faith    .   (no shield)
rNeg    . . .      Spirit   .   l - +3 leather armour
rPois   .          Reflect  .   (no helmet)
rElec   .          Harm     .   (no cloak)
rCorr   .          Rampage  .   (no gloves)
Will    .....                   (no boots)
Stlth   ++........              (no amulet)
HPRegen 0.06/turn               (no ring)
MPRegen 0.09/turn               (no ring)

@: gold aura
A: condensation shield
a: Renounce Religion, Potion Petition, Call Merchant, Bribe Branch


You were on level 1 of the Dungeon.
You worshipped Gozag.
Gozag was aware of your devotion.
You visited 1 branch of the dungeon, and saw 1 of its levels.

You collected 126 gold pieces.

Inventory:

Hand Weapons
 c - a +0 dagger (weapon)
Armour
 l - a +3 leather armour (worn)
Magical Staves
 a - a staff of cold
Scrolls
 f - 2 scrolls of identify {unknown}
 g - a scroll of fear {unknown}
 h - 2 scrolls of amnesia
 i - a scroll of magic mapping {unknown}
 j - 2 scrolls of noise {unknown}
 k - a scroll of teleportation {unknown}
Potions
 b - a potion of magic
 d - a potion of might {unknown}


   Skills:
 + Level 1.7 Dodging
 + Level 1.7 Stealth
 + Level 2.3 Spellcasting
 + Level 1.0 Conjurations
 + Level 3.2 Fire Magic


You had 2 spell levels left.
You knew the following spells:

 Your Spells              Type           Power      Damage    Failure   Level
a - Foxfire               Conj/Fire      32%        2x1d5     12%         1
b - Scorch                Fire           24%        2d6       12%         2

Your spell library contained the following spells:

 Spells                   Type           Power      Damage    Failure   Level
 Poisonous Vapours        Pois/Air       2%         N/A       41%         2
 Conjure Flame            Conj/Fire      8%         6-21      36%         3
 Inner Flame              Hex/Fire       7%         N/A       41%         3
 Flame Wave               Conj/Fire      8%         2d5       77%         4
 Corpse Rot               Necr/Pois/Air  Unusable   N/A       N/A         4

Dungeon Overview and Level Annotations

Branches:
Dungeon (1/15)

Altars:
Gozag


Innate Abilities, Weirdness & Mutations

A meltable shield of frost defends you. (SH +4)


Message History

Unknown command.
Your foxfire dissipates!
The foxfire hits the quokka.
The quokka is almost dead.
You block the endoplasm's attack. The quokka attacks as you move away!
You block the quokka's attack.
Unknown command.
The quokka bites you but does no damage.
You hit the quokka but do no damage.
The quokka is almost dead.
The endoplasm hits you. The quokka closely misses you.
You barely miss the quokka.
The quokka is almost dead.
The endoplasm freezes you.
You are frozen.
The quokka closely misses you.
You hit the quokka.
You kill the quokka!
The endoplasm barely misses you. The endoplasm hits you.
You see here 5 gold pieces.
Unknown command.
You hit the endoplasm but do no damage. The endoplasm freezes you.
You are frozen.
* * * LOW HITPOINT WARNING * * *
You hit the endoplasm.
The endoplasm is heavily wounded.
The endoplasm hits you.
* * * LOW HITPOINT WARNING * * *
You hit the endoplasm.
The endoplasm is almost dead.
The endoplasm freezes you.
You are frozen.
* * * LOW HITPOINT WARNING * * *
Your magical contamination has completely faded away.
You hit the endoplasm but do no damage.
The endoplasm is almost dead.
The endoplasm hits you.
You die...
Your body crumbles into a pile of gold.

#........####..####.###
#######.###.........### #.##
........#####........####.####
.....#[..##.........#####.####
.....#...##.##........#...#
.....#...##.....###.#...#
.....#...######+###.#.###
.....#...#####......#.######
.....'.......+..@....>......#
.....#########.(J...#.#####.#
.....# #.......... .....#
#.....##.#.# .....#
#.....##.#... ######
########.# ### ....###
#########.#
.[....#######.......#.#
.#.#..##....#.......#


You could see an endoplasm.

Vanquished Creatures
  2 ball pythons (D:1)
  2 goblins (D:1)
  2 hobgoblins (D:1)
  3 jackals (D:1)
  2 quokkas (D:1)
  A frilled lizard (D:1)
  A kobold (D:1)
  A rat (D:1)
14 creatures vanquished.

Vanquished Creatures (others)
  39 foxfires (D:1)
39 creatures vanquished.

Grand Total: 53 creatures vanquished

Notes
Turn   | Place    | Note
-------+----------+-------------------------------------------
     0 | D:1      | xian the Demonspawn Fire Elementalist began the quest for
                  | the Orb.
     0 | D:1      | Reached XP level 1. HP: 13/13 MP: 3/3
   292 | D:1      | Found a faded altar of an unknown god.
   294 | D:1      | Prayed at the altar of an unknown god.
   294 | D:1      | Became a worshipper of Gozag Ym Sagoz the Greedy
   305 | D:1      | Reached skill level 3 in Fire Magic
   522 | D:1      | Gained mutation: A meltable shield of frost defends you.
                  | (SH +4) [demonic ancestry]
   522 | D:1      | Reached XP level 2. HP: 19/19 MP: 1/5
   528 | D:1      | Learned a level 2 spell: Scorch
   896 | D:1      | Slain by an endoplasm

Illustrated notes

Levels and vault maps discovered:
D:1:      dpeg_arrival_leaves_temple_mockup, layout_basic,
          chequers_ecumenical_altar_simple_redux, reono_crystal_passage

Skill      XL: |  1 |
---------------+----+-----
Fire Magic     | 3 |  3.2
Dodging        | |  1.7
Stealth        | |  1.7
Spellcasting   | |  2.3
Conjurations   | |  1.0

Action                   || total
-------------------------++-------
Melee: Dagger            ||    22
       Unarmed           ||     2
 Cast: Foxfire           ||    23
  Use: Scroll            ||     1
Armor: Robe              ||     2
       Leather armour    ||     4
Dodge: Dodged            ||    19
Block: Other             ||     4
